 Seeded DCSS version 0.30.1-4-g462c640d31 (webtiles) character file.

Game seed: 6351066067085065685 (custom seed)

4 Esekla the Magician (level 1, 0/10 HPs)
             Began as a Deep Elf Wanderer on Sept 8, 2023.
             Slain by a ball python (1 damage)
             ... on level 1 of the Dungeon.
             The game lasted 00:02:48 (153 turns).

Esekla the Magician (Deep Elf Wanderer)              Turns: 153, Time: 00:02:48

Health: 0/10       AC:  2    Str: 11    XL:     1   Next: 50%
Magic:  8/8        EV:  7    Int: 17    God:
Gold:   0          SH:  3    Dex: 11    Spells: 7/9 levels left

rFire   . . .        a - +0 short sword
rCold   . . .        d - +0 buckler
rNeg    . . .        c - +0 robe
rPois   .            (no helmet)
rElec   .            (no cloak)
rCorr   .            (no gloves)
SInv    .            (no boots)
Will    .....        (no amulet)
Stlth   ++           (no ring)
HPRegen 0.21/turn    (no ring)
MPRegen 0.11/turn

%: no passive effects
@: constricted
A: no striking features
a: no special abilities


You were on level 1 of the Dungeon.
You visited 1 branch of the dungeon, and saw 1 of its levels.

Inventory:

Hand Weapons
 a - a +0 short sword (weapon)
Armour
 c - a +0 robe (worn)
 d - a +0 buckler (worn)
Scrolls
 f - a scroll of fear {unknown}
 g - a scroll of identify {unknown}
Potions
 b - a potion of lignification
 e - a potion of ambrosia {unknown}


   Skills:
 * Level 0.1 Dodging
 + Level 1.2 Stealth
 + Level 1.5 Shields
 * Level 4.7 Spellcasting
 * Level 0.1 Necromancy
 + Level 2.2 Translocations
 + Level 1.0 Invocations


You had 7 spell levels left.
You knew the following spells:

 Your Spells              Type           Power      Damage    Failure   Level
a - Magic Dart            Conj           16%        1d3       22%         1
p - Apportation           Tloc           22%        N/A       9%          1

Your spell library contained the following spells:

 Spells                   Type           Power      Damage    Failure   Level
 Blink                    Tloc           22%        N/A       13%         2
 Lesser Beckoning         Tloc           22%        N/A       13%         2
 Vampiric Draining        Necr           4%         2d6       52%         3
 Ignite Poison            Fire/Tmut/Pois 4%         N/A       54%         3


Dungeon Overview and Level Annotations

Branches:
Dungeon (1/15)

Altars:


Message History

You hit the frilled lizard.
You kill the frilled lizard!
A ball python comes into view.
Found a puce potion.
The ball python hisses angrily.
The ball python attacks as you move away!
The ball python barely misses you. You block the ball python's attack.
You hit the ball python.
The ball python is heavily wounded.
The ball python bites you. The ball python grabs you.
The ball python constricts you. You block the ball python's attack.
The ball python constricts you.
You closely miss the ball python.
The ball python is heavily wounded.
The ball python bites you but does no damage.
The ball python constricts you.
You closely miss the ball python.
The ball python is heavily wounded.
The ball python bites you but does no damage.
The ball python constricts you.
You barely miss the ball python.
The ball python is heavily wounded.
The ball python bites you but does no damage.
The ball python constricts you.
You barely miss the ball python.
The ball python is heavily wounded.
The ball python bites you.
* * * LOW HITPOINT WARNING * * *
The ball python constricts you.
* * * LOW HITPOINT WARNING * * *
The ball python bites you.
* * * LOW HITPOINT WARNING * * *
The ball python constricts you.
You barely miss the ball python.
The ball python is heavily wounded.
You block the ball python's attack. The ball python constricts you.
You hit the ball python but do no damage.
The ball python is heavily wounded.
The ball python bites you.
You die...

#####..####
#.........#
#.........#
#.........#
####+###.####.####
#........# #.####
#......### #....#
#.....##..########..#
..... #...S@.......##
.J......#.##########
#.###...... .
#.#..... ..#......
#....##. .... !....


You could see a ball python.

Vanquished Creatures
  A ball python (D:1)
  A frilled lizard (D:1)
  2 kobolds (D:1)
4 creatures vanquished.

Notes
Turn   | Place    | Note
-------+----------+-------------------------------------------
     0 | D:1      | Esekla the Deep Elf Wanderer began the quest for the Orb.
     0 | D:1      | Esekla set off with the following items: a +0 club, a
                  | potion of lignification, a +0 robe, a +0 buckler; and the
                  | following spells available to memorise: Apportation, Blink,
                  | Lesser Beckoning, Magic Dart, Ignite Poison, Vampiric
                  | Draining.
     0 | D:1      | Reached XP level 1. HP: 10/10 MP: 7/7
    39 | D:1      | Learned a level 1 spell: Magic Dart
    41 | D:1      | Learned a level 1 spell: Apportation
   153 | D:1      | Slain by a ball python

Illustrated notes

Levels and vault maps discovered:
D:1:      sevenhm_arrival_forest_fort_small_3, layout_rooms,
          chequers_serial_rivers_room_b, minmay_misc_feat_five

Action                     || total
---------------------------++-------
  Melee: Short sword       ||    17
         Club              ||     3
 Armour: Robe              ||     6
  Dodge: Dodged            ||     9
  Block: Buckler           ||     3
